 Dungeon Crawl Stone Soup version 0.23.2-40-g277498a001 (webtiles) character file.

Game seed: 15509834435485762955

4570 Descartes the Schismatic (level 10, 0/84 HPs)
             Began as a Formicid Abyssal Knight on Oct 7, 2019.
             Was an Elder of Lugonu.
             Killed by divine providence
             ... invoked by an orc priest
              (13 damage)
             ... on level 7 of the Dungeon.
             The game lasted 00:38:24 (13508 turns).

Descartes the Schismatic (Formicid Abyssal Knight) Turns: 13508, Time: 00:38:24

Health: 0/84       AC: 10    Str: 17    XL:     10   Next: 68%
Magic:  16/17      EV: 11    Int: 15    God:    Lugonu [****..]
Gold:   397        SH:  9    Dex: 10    Spells: 19/19 levels left

rFire    . . .     SeeInvis +   K - -1 morningstar (curse)
rCold    + + .     Gourm    .   y - +0 shield
rNeg     . . .     Faith    .   r - +0 scale mail {rC+}
rPois    .         Spirit   .   (helmet unavailable)
rElec    .         Reflect  .   n - +0 cloak
rCorr    .         Harm     .   (no gloves)
MR       +....                  k - +0 pair of boots
Stlth    ++........             (no amulet)
HPRegen  0.24/turn              t - ring of protection from cold
MPRegen  0.15/turn              (no ring)

@: lethally poisoned (0 -> -3), marked
A: permanent stasis, dig shafts and tunnels, four strong arms, antennae 3,
robust 1, sturdy frame 1
a: Dig, Shaft Self, Depart the Abyss, Bend Space, Banish, Corrupt, Renounce
Religion


You were on level 7 of the Dungeon.
You worshipped Lugonu.
Lugonu was greatly pleased with you.
You were hungry.

You visited 2 branches of the dungeon, and saw 8 of its levels.
You visited the Abyss 1 time.
You also visited: Sewer.

You collected 397 gold pieces.

Inventory:

Hand Weapons
 a - a +2 falchion
 u - a +4 club
 v - a +2 whip of flaming
 x - a +0 dagger of venom
 D - a +1 short sword of draining
 K - a cursed -1 morningstar (weapon)
Missiles
 e - 230 stones
 w - 59 poisoned needles (quivered)
Armour
 b - a +0 leather armour
 h - a +0 ring mail
 k - a +0 pair of boots (worn)
 n - a +0 cloak (worn)
 r - a +0 scale mail of cold resistance (worn)
 y - a +0 shield (worn)
 B - a +0 plate armour
 I - a +2 robe of positive energy
Jewellery
 t - a ring of protection from cold (left hand)
Wands
 A - a wand of random effects (17)
Scrolls
 f - 2 scrolls of noise
 o - 2 scrolls of identify
 C - 2 scrolls of fog
 E - a scroll of enchant weapon
 G - a scroll of magic mapping
 M - a scroll of amnesia
Potions
 d - 2 potions of agility
 i - 2 potions of heal wounds
 l - 5 potions of curing
 m - a potion of haste
 p - 2 potions of brilliance
 q - 3 potions of magic
 s - 2 potions of might
 z - 2 potions of flight
 F - 2 potions of mutation
Miscellaneous
 J - a phantom mirror
Comestibles
 c - 7 rations
 g - 6 chunks of flesh


   Skills:
 + Level 6.7 Fighting
 + Level 5.7 Long Blades
 + Level 6.1 Armour
 + Level 4.9 Dodging
 + Level 6.7 Stealth
 + Level 5.4 Shields
 + Level 5.1 Spellcasting
 + Level 6.7 Invocations


You had 19 spell levels left.
You didn't know any spells.
Your spell library contained the following spells:

 Spells                   Type           Power        Failure   Level  Hunger
 Sandblast                Erth           #.....       56%         1    None
 Shock                    Conj/Air       #...         56%         1    None
 Summon Small Mammal      Summ           #...         56%         1    None
 Call Imp                 Summ           #.......     71%         2    ##.....
 Swiftness                Chrm/Air       #.......     71%         2    ##.....
 Call Canine Familiar     Summ           #.......     91%         3    ###....
 Static Discharge         Conj/Air       #.......     91%         3    ###....
 Summon Guardian Golem    Hex/Summ       #.......     91%         3    ###....
 Airstrike                Air            #.........   100%        4    ####...
 Summon Ice Beast         Ice/Summ       #.......     100%        4    ####...
 Summon Lightning Spire   Summ/Air       #.......     100%        4    ####...
 Lightning Bolt           Conj/Air       #.........   100%        5    ######.


Dungeon Overview and Level Annotations

Branches:
Dungeon (7/15)             Temple (1/1) D:5

Altars:
Ashenzari
Cheibriados
Dithmenos
Elyvilon
Fedhas
Gozag
Hepliaklqana
Kikubaaqudgha
Makhleb
Nemelex Xobeh
Okawaru
Qazlal
Ru
Sif Muna
Trog
Vehumet
Wu Jian
Xom
Yredelemnul
The Shining One

Shops:
D:7 :

Annotations:
D:5 freakyemo's ghost, novice TrBe


Innate Abilities, Weirdness & Mutations

You cannot be hasted, slowed, berserked, paralysed or teleported.
You can dig through walls and to a lower floor.
Your four strong arms can wield two-handed weapons with a shield.
You have a pair of large antennae on your head. (SInv)
You are robust. (+10% HP)
Your movements are slightly less encumbered by armour. (ER -2)


Message History

Your +0 cloak unmelds from your body.
Your +0 pair of boots unmelds from your body.
Your +0 scale mail of cold resistance unmelds from your body.
You feel resistant to cold. You block the killer bee's attack.
The killer bee barely misses you.
The orc priest miscasts a cantrip.
The killer bee closely misses you.
You completely miss the killer bee. You block the killer bee's attack.
The killer bee stings you but does no damage.
The orc priest invokes the aid of Beogh against you.
Beogh smites you!
* * * LOW HITPOINT WARNING * * *
The killer bee stings you.
* * * LOW HITPOINT WARNING * * *
You are poisoned.
The killer bee poisons you! Space bends sharply around you!
You blink.
You feel sick.
The orc priest mumbles some strange prayers to Beogh against you.
Beogh smites you!
You die...

### #..###...#.....
##?###........#.....
#.###.................
##.#..................
###...................
#ยง###........#....{...
##y###...#...#.......#
#####y###......#......#
##..###o@......)##....#
##.....####...........#
#........#..#####...###
#..........## ###.##
### #..........# #..#
..### #..........#
######.## ....#
#.........## #.......#
....####.........#
#.#####.##
....##..........## #.#
#..#


You could see 2 killer bees and an orc priest.

Vanquished Creatures
  Harold (D:7)
  Pikel (D:4)
  Grinder (Sewer)
  Sigmund (D:3)
  2 yaks (D:6)
  2 hungry ghosts (D:6)
  A water moccasin (D:7)
  A hornet zombie (D:7)
  2 ice beasts
  4 slaves
  A necrophage (Sewer)
  2 phantoms
  3 ogres
  A centaur (D:6)
  A big kobold (Sewer)
  3 bullfrogs
  A water moccasin zombie (D:7)
  2 scorpions (D:7)
  3 killer bees (D:7)
  A wight (Sewer)
  2 howler monkeys
  A jelly (D:7)
  3 crimson imps
  A centaur zombie (D:7)
  4 hounds
  An orc priest (D:5)
  5 orc wizards
  A centaur skeleton (D:7)
  Jessica (D:3)
  2 iguanas
  Natasha (D:3)
  Terence (D:2)
  4 worker ants
  A hound skeleton (D:4)
  A howler monkey zombie (D:7)
  7 gnolls
  5 adders
  3 shadow imps
  4 ufetubi (Sewer)
  3 oozes
  3 adder zombies
  An adder skeleton (D:7)
  3 worms
  3 dart slugs
  5 leopard geckos
  16 orcs
  18 bats
  4 giant cockroaches
  10 goblins
  7 hobgoblins
  3 jackals (D:5)
  27 kobolds
  4 quokkas
  3 ball pythons
  4 frilled lizards
  2 giant cockroach zombies
  10 rats
208 creatures vanquished.

Notes
Turn   | Place    | Note
-------+----------+-------------------------------------------
     0 | Abyss:1  | Descartes the Formicid Abyssal Knight began the quest for
                  | the Orb.
     0 | Abyss:1  | Reached XP level 1. HP: 18/18 MP: 2/2
    91 | Abyss:2  | Noticed a small abomination
    95 | Abyss:2  | Noticed a flayed ghost
    96 | D:1      | Escaped the Abyss
   111 | D:1      | Noticed an octopode
   111 | D:1      | Noticed a dwarf
   113 | D:1      | Noticed a centaur
   113 | D:1      | Noticed a minotaur
   115 | D:1      | Noticed a tengu
   115 | D:1      | Noticed a draconian
   117 | D:1      | Noticed a halfling
   117 | D:1      | Noticed a merfolk
   119 | D:1      | Noticed a troll
   119 | D:1      | Noticed a demonspawn
   121 | D:1      | Noticed a human
   121 | D:1      | Noticed a gargoyle
   123 | D:1      | Noticed a felid
   123 | D:1      | Noticed a vine stalker
   127 | D:1      | Noticed a demigod
   129 | D:1      | Noticed a formicid
   129 | D:1      | Noticed an elf
   131 | D:1      | Noticed a ghoul
   131 | D:1      | Noticed a spriggan
   133 | D:1      | Noticed an ogre
   133 | D:1      | Noticed a naga
   135 | D:1      | Noticed a vampire
   351 | D:1      | Reached * piety under Lugonu
   351 | D:1      | Reached skill level 1 in Dodging
   517 | D:1      | Reached XP level 2. HP: 24/24 MP: 3/3
  1010 | D:2      | Reached XP level 3. HP: 29/29 MP: 4/4
  1113 | D:2      | Reached skill level 1 in Stealth
  1448 | D:2      | Reached XP level 4. HP: 34/35 MP: 5/5
  1528 | D:2      | Reached skill level 1 in Spellcasting
  1881 | D:2      | Found a snail-covered altar of Cheibriados.
  1937 | D:2      | Reached XP level 5. HP: 42/42 MP: 7/7
  2143 | D:3      | Reached ** piety under Lugonu
  2186 | D:3      | Noticed Terence
  2218 | D:2      | Killed Terence
  2407 | D:3      | Noticed Jessica
  2421 | D:3      | Killed Jessica
  2421 | D:3      | Reached XP level 6. HP: 28/48 MP: 8/8
  2474 | D:3      | Found a glowing drain.
  2506 | Sewer    | Entered a sewer
  2760 | Sewer    | Reached *** piety under Lugonu
  2915 | Sewer    | Found an ancient bone altar of Kikubaaqudgha.
  2994 | Sewer    | Reached XP level 7. HP: 51/54 MP: 10/10
  3214 | Sewer    | Noticed Grinder
  3277 | Sewer    | Killed Grinder
  3277 | Sewer    | Reached skill level 1 in Shields
  3647 | D:3      | Reached XP level 8. HP: 60/60 MP: 12/12
  3954 | D:3      | Noticed Natasha
  3969 | D:3      | Killed Natasha
  3990 | D:3      | Noticed Sigmund
  4007 | D:3      | Killed Sigmund
  4031 | D:3      | Gained mutation: Your movements are slightly less
                  | encumbered by armour. (ER -2) [potion of mutation]
  4031 | D:3      | Gained mutation: You are robust. (+10% HP) [potion of
                  | mutation]
  4382 | D:4      | Reached skill level 5 in Fighting
  4922 | D:4      | Found a bloodstained altar of Trog.
  4975 | D:5      | Entered Level 5 of the Dungeon
  4996 | D:5      | Reached **** piety under Lugonu
  5012 | D:5      | Noticed Pikel
  5048 | D:5      | Found a basalt altar of Yredelemnul.
  6041 | D:5      | Found a staircase to the Ecumenical Temple.
  6116 | D:5      | Reached XP level 9. HP: 63/73 MP: 14/14
  6192 | D:5      | Found a shimmering altar of Xom.
  7721 | D:5      | Found a glowing golden altar of the Shining One.
  7776 | D:6      | Found a runed translucent gate.
  7776 | D:6      | Found a runed translucent gate.
  7776 | D:6      | Found a runed translucent gate.
  7777 | D:6      | Found an opulent altar of Gozag.
  7785 | D:6      | Reached skill level 5 in Invocations
  7956 | D:6      | Noticed freakyemo's ghost (novice TrBe)
  8049 | D:6      | Reached skill level 5 in Stealth
  8357 | D:6      | Found a shattered altar of Ashenzari.
  8600 | D:6      | Found a deep blue altar of Sif Muna.
  8643 | D:6      | Identified Sif Muna's Disquisition on the Rocks
  8716 | D:6      | Reached skill level 5 in Armour
  9110 | D:7      | Found a large runed translucent door.
  9114 | D:7      | Found a large runed translucent door.
  9118 | D:7      | Found a large runed translucent door.
  9118 | D:7      | Found a large runed translucent door.
 10012 | D:7      | Reached skill level 5 in Long Blades
 10012 | D:7      | Reached XP level 10. HP: 62/82 MP: 16/16
 10130 | Temple   | Entered the Ecumenical Temple
 10391 | D:5      | Found a glowing golden altar of the Shining One.
 10441 | D:5      | Found a shimmering altar of Xom.
 10605 | D:5      | Found a basalt altar of Yredelemnul.
 10857 | D:4      | Killed Pikel
 11048 | D:4      | Found a bloodstained altar of Trog.
 11966 | D:7      | Noticed Harold
 12276 | D:7      | Reached skill level 5 in Shields
 13286 | D:7      | Found a shimmering altar of Xom.
 13317 | D:7      | Found Bonleux's Book Shoppe.
 13467 | D:7      | Killed Harold
 13467 | D:7      | Reached skill level 5 in Spellcasting
 13508 | D:7      | Killed from afar by an orc priest

Skill      XL: |  1  2  3  4  5  6  7  8  9 10 |
---------------+-------------------------------+-----
Dodging        | 1 2 3 4 |  4.9
Stealth        | 1 2 3 4 5 6 |  6.7
Spellcasting   | 1 2 3 4 5 |  5.1
Invocations    | 3 4 6 |  6.7
Armour         | 3 4 5 6 |  6.1
Fighting       | 4 5 6 |  6.7
Long Blades    | 3 4 5 |  5.7
Shields        | 1 3 4 5 |  5.4

Action                   |  1- 3 |  4- 6 |  7- 9 | 10-12 || total
-------------------------+-------+-------+-------+-------++-------
Melee: Falchion          |    85 |   256 |   830 |    83 ||  1254
       Morningstar       |       |       |       |   269 ||   269
Invok: Depart the Abyss  |     1 |       |       |       ||     1
       Bend Space        |       |       |    27 |     2 ||    29
 Abil: Dig               |     1 |     2 |     8 |     3 ||    14
Evoke: Box of beasts     |       |       |       |     2 ||     2
       Phantom mirror    |       |       |       |     1 ||     1
  Use: Scroll            |     4 |     2 |    10 |     5 ||    21
       Potion            |       |       |     3 |     5 ||     8
 Stab: Sleeping          |       |       |       |     1 ||     1
  Eat: Chunk             |     1 |     5 |    21 |     6 ||    33
       Ration            |       |       |     5 |     2 ||     7
Armor: Ring mail         |    45 |    19 |       |       ||    64
       Leather armour    |     2 |       |       |       ||     2
       Chain mail        |       |   175 |   315 |       ||   490
       Scale mail        |       |       |   102 |   144 ||   246
       Skin              |       |       |       |    30 ||    30
Dodge: Dodged            |    51 |   150 |   264 |   196 ||   661
Block: Shield            |       |       |   355 |   231 ||   586
       Rpst.: Falchion   |    22 |    43 |    80 |     6 ||   151
